 Dungeon Crawl Stone Soup version 0.28-a0-828-g0121872642 (webtiles) character file.

Game seed: 5538996036701534143

9 croobank the Caller (level 2, 0/11 HPs)
             Began as a Felid Summoner on Nov 10, 2021.
             Slain by a kobold (3 damage)
             ... on level 1 of the Dungeon.
             The game lasted 00:02:12 (992 turns).

croobank the Caller (Felid Summoner)                 Turns: 992, Time: 00:02:13

Health: 0/11       AC:  1    Str:  4    XL:     2   Next: 3%
Magic:  6/6        EV: 17    Int: 16    God:
Gold:   21         SH:  0    Dex: 16    Spells: 4/5 levels left
                                        Lives:  0   Deaths: 0

rFire   . . .      SeeInvis +   (weapon unavailable)
rCold   . . .      Faith    .   (shield unavailable)
rNeg    . . .      Spirit   .   (armour unavailable)
rPois   .          Reflect  .   (helmet unavailable)
rElec   .          Harm     .   (cloak unavailable)
rCorr   .          Rampage  .   (gloves unavailable)
Will    .....                   (boots unavailable)
Stlth   ++........              (no amulet)
HPRegen 0.03/turn               (no ring)
MPRegen 0.10/turn               (no ring)

@: quick
A: very small, claws 1, fangs 3, see invisible, speed 1, shaggy fur 1, stealthy
paws, no weapons or thrown items, no armour, multi-lived
a: no special abilities


You were on level 1 of the Dungeon.
You visited 1 branch of the dungeon, and saw 1 of its levels.

You collected 21 gold pieces.

Inventory:

Potions
 a - a potion of mutation {unknown}


   Skills:
 + Level 3.1 Dodging
 + Level 2.7 Stealth
 + Level 2.0 Spellcasting
 + Level 4.3 Summonings


You had 4 spell levels left.
You knew the following spells:

 Your Spells              Type           Power      Damage    Failure   Level
a - Summon Small Mammal   Summ           60%        N/A       3%          1

Your spell library contained the following spells:

 Spells                   Type           Power      Damage    Failure   Level
 Call Imp                 Summ           15%        N/A       5%          2
 Call Canine Familiar     Summ           15%        N/A       11%         3
 Summon Guardian Golem    Hex/Summ       8%         N/A       26%         3
 Summon Lightning Spire   Summ/Air       8%         N/A       65%         4


Dungeon Overview and Level Annotations

Branches:
Dungeon (1/15)

Altars:


Innate Abilities, Weirdness & Mutations

You have sharp claws.
You have razor-sharp teeth.
You have supernaturally acute eyesight. (SInv)
You cover ground quickly. (Speed+)
You are covered in fur. (AC +1)
Your paws help you pounce on unaware monsters.
You are incapable of wielding weapons or throwing items.
You cannot wear armour.
You gain extra lives every three experience levels.


Message History

Your rat's corpse disappears in a puff of smoke!
The hobgoblin closely misses you.
You scratch the hobgoblin. You bite the hobgoblin.
The hobgoblin is severely wounded.
The hobgoblin completely misses you.
You barely miss the hobgoblin. You bite the hobgoblin.
You kill the hobgoblin!
You closely miss the hobgoblin. You bite the hobgoblin.
You kill the hobgoblin!
You have reached level 2!
You see here a hobgoblin corpse.
You barely miss the kobold.
The kobold hits you with a +0 short sword.
You barely miss the kobold.
The kobold hits you with a +0 short sword.
You scratch the kobold but do no damage.
The kobold closely misses you.
You scratch the kobold but do no damage.
The kobold hits you with a +0 short sword.
* * * LOW HITPOINT WARNING * * *
Casting: Summon Small Mammal (safe; 3% risk of failure)
Confirm with . or Enter, or press ? or * to list all spells.
You swap places.
Your rat bites the kobold.
Something hits your rat but does no damage.
Your rat barely misses the kobold.
Your rat barely misses the kobold.
The kobold barely misses your rat.
Your rat closely misses the kobold.
The kobold closely misses your rat.
Your rat closely misses the kobold.
The kobold hits your rat with a +0 short sword.
Your rat closely misses the kobold.
The kobold misses your rat.
Your rat bites the kobold but does no damage.
The kobold closely misses your rat.
Your rat bites the kobold.
The kobold hits your rat with a +0 short sword.
Your rat dies!
Your rat's corpse disappears in a puff of smoke!
You barely miss the kobold.
The kobold is severely wounded.
The kobold hits you with a +0 short sword.
You die...

#.#.#.# #.# #.#.#.# #..
#.#.#.# #..
#.#.#.##########..
#.#####.#.#..........)..
........................
........................
.#####.#.##############
#@#........ ......
########K######### #####
#........# ......
#.######## ###### #.# #
#.# # #.# # #†# #.# ##


You could see a kobold.

Vanquished Creatures
  A dart slug (D:1)
  2 hobgoblins (D:1)
  A quokka (D:1)
  A kobold (D:1)
5 creatures vanquished.

Vanquished Creatures (collateral kills)
  A ball python (D:1)
  A rat (D:1)
2 creatures vanquished.

Grand Total: 7 creatures vanquished

Notes
Turn   | Place    | Note
-------+----------+-------------------------------------------
     0 | D:1      | croobank the Felid Summoner began the quest for the Orb.
     0 | D:1      | Reached XP level 1. HP: 7/7 MP: 4/4
   966 | D:1      | Reached XP level 2. HP: 11/11 MP: 4/6
   992 | D:1      | Slain by a kobold

Illustrated notes

Levels and vault maps discovered:
D:1:      nzn_arrival_water_spiral, layout_basic

Skill      XL: |  1 |
---------------+----+-----
Dodging        | 3 |  3.1
Stealth        | |  2.7
Spellcasting   | |  2.0
Summonings     | |  4.3

Action                   || total
-------------------------++-------
Melee: Unarmed           ||    23
       Bite              ||     6
 Cast: Summon Small Mamm ||     6
Dodge: Dodged            ||    16

Table legend: (Time is in decaauts)
 A = Elapsed time spent in this place.
 B = Non-inter-level travel time spent in this place.
 C = Inter-level travel time spent in this place.
 D = Time resting spent in this place.
 E = Time spent auto-exploring this place.
 F = Levels seen in this place.
 G = Mean time per level.
                   A        B        C        D        E       F      G
               +--------+--------+--------+--------+--------+-----+--------+
         Total |    923 |    923 |      0 |    269 |    523 |   1 |  923.0 |
       Dungeon |    923 |    923 |      0 |    269 |    523 |   1 |  923.0 |
               +--------+--------+--------+--------+--------+-----+--------+

Top non-repeatable levels by time:
     D:1: 923 daAuts
